AoeStats
← FrosttyyX

Enclosed

505420232Analyzed
1v1 RM · 22d ago on Sep 9, 2026· 61m 31s· 2 players
Game mode
Random Map
Map size
Tiny (2 player)
Population
200
Speed
Normal
Resources
Standard
Victory
Conquest
Starting age
Dark Age
Ending age
Imperial Age
RankedLock teamsTeams togetherTeam positionsShared explorationLock speedFull tech treeHidden civsTurbo modeCheats
Victory
Defeat
🇦🇺 Magyars · Australia
975
+26
🇸🇪 Inca · Sweden
957
-38
Samir_9696
3:40 Loom
10:26 Feudal Age
11:10 Double-Bit Axe
15:09 Champi Runner
16:05 Forging
17:02 Scale Mail Armor
24:32 Castle Age
24:42 Pikeman
24:45 Champi Warrior
25:58 Squires
26:16 Bow Saw
28:17 Iron Casting
28:29 Arson
30:26 Wheelbarrow
30:31 Chain Mail Armor
32:33 Gold Mining
32:34 Stone Mining
34:18 Elite Skirmisher
36:31 Fletching
39:09 Thumb Ring
44:02 Imperial Age
46:16 Blast Furnace
45:47 Plate Mail Armor
45:14 Bodkin Arrow
45:50 Halberdier
46:44 Horse Collar
49:02 Chemistry
48:26 Onager
50:35 Hand Cart
53:22 Elite Kamayuk
55:15 Conscription
55:26 Bracer
55:27 Padded Archer Armor
55:50 Ballistics
59:25 Fabric Shields
FrosttyyX
5:44 Loom
12:39 Feudal Age
13:27 Double-Bit Axe
18:28 Castle Age
17:18 Scale Barding Armor
18:57 Bloodlines
26:41 Wheelbarrow
26:19 Bow Saw
26:31 Husbandry
28:13 Fletching
30:35 Chain Barding Armor
30:16 Padded Archer Armor
30:11 Bodkin Arrow
31:38 Hand Cart
31:19 Gold Mining
33:12 Leather Archer Armor
33:57 Thumb Ring
34:05 Town Watch
35:33 Ballistics
35:50 Horse Collar
37:03 Gold Shaft Mining
37:27 Corvinian Army
42:49 Imperial Age
44:08 Plate Barding Armor
44:05 Recurve Bow
44:31 Parthian Tactics
45:05 Heavy Plow
46:08 Two-Man Saw
45:49 Ring Archer Armor
45:33 Bracer
47:00 Chemistry
46:11 Heavy Cavalry Archer
48:25 Elite Magyar Huszar
49:34 Heavy Scorpion
51:04 Conscription
Connection lost

Rejoining the realm…

Still unreachable

The connection could not be restored.

Session expired

The server has moved on; the page needs a fresh start.